AoeStats
← cocs.bluntt

Arabian Desert

510215989Analyzed
1v1 RM · 2d ago on Sep 30, 2026· 21m 22s· 2 players
Game mode
Random Map
Map size
Tiny (2 player)
Population
200
Speed
Normal
Resources
Standard
Victory
Conquest
Starting age
Dark Age
Ending age
Imperial Age
RankedLock teamsTeams togetherTeam positionsShared explorationLock speedFull tech treeHidden civsTurbo modeCheats
Victory
Defeat
🇲🇽 Goths · Mexico
620
+12
🇺🇸 Bulgarians · United States
539
-21
cocs.bluntt
11:30 Feudal Age
9:47 Loom
18:51 Castle Age
16:45 Double-Bit Axe
16:50 Man-at-Arms
Sovy3820
8:18 Loom
12:31 Feudal Age
14:21 Double-Bit Axe
20:23 Forging
20:42 Arson
Connection lost

Rejoining the realm…

Still unreachable

The connection could not be restored.

Session expired

The server has moved on; the page needs a fresh start.